BSA
BAFFIN ISLAND BEAVERS @ SO CAL HENVY
06/16/2026
 
TOP OF THE 1ST
Baffin Island Beavers batting - Pitching for So Cal Henvy : RHP Jeffrey King
Pitching: RHP Jeffrey King
Batting: LHB Chris Bates 0-0: Foul Ball, location: 2F
0-1: Foul Ball, location: 2F
0-2: Ball
1-2: Ground out U3 (Groundball, 3)
Batting: LHB Jeff Cole 0-0: Ball
1-0: Called Strike
1-1: Ball
2-1: Called Strike
2-2: Strikes out swinging
Batting: SHB Alonso Ferreira 0-0: Called Strike
0-1: Called Strike
0-2: Ball
1-2: Fly out, F8 (Flyball, 8LXD)
Top of the 1st over - 0 run(s), 0 hit(s), 0 error(s), 0 left on base; Baffin Island 0 - So Cal 0
BOTTOM OF THE 1ST
So Cal Henvy batting - Pitching for Baffin Island Beavers : LHP Marcos Benítez
Pitching: LHP Marcos Benítez
Batting: SHB Miguel González 0-0: Called Strike
0-1: Ball
1-1: Ground out 6-3 (Groundball, 56)
Batting: RHB Earl Wiggins 0-0: Ball
1-0: SINGLE (Line Drive, 34D)
Batting: LHB John Peterson 0-0: Foul Ball, location: 2F
0-1: Foul Ball, location: 2F
0-2: Foul Ball, location: 2F
0-2: Fielders Choice at 2nd, 4-6 (Groundball, 4)
Batting: RHB Rubén Calderón 0-0: Ball
1-0: Called Strike
1-1: Ball
2-1: Swinging Strike
2-2: Reached on error, E5 (Groundball, 56S)
John Peterson to third
Batting: LHB José Antonio Santiago 0-0: Called Strike
0-1: Ball
1-1: Ball
2-1: Ground out 1-3 (Groundball, 15)
Bottom of the 1st over - 0 run(s), 1 hit(s), 1 error(s), 2 left on base; Baffin Island 0 - So Cal 0
TOP OF THE 2ND
Baffin Island Beavers batting - Pitching for So Cal Henvy : RHP Jeffrey King
Batting: LHB Lorenzo Villa 0-0: Foul Ball, location: 2F
0-1: Ground out U3 (Groundball, 3L)
Batting: RHB Tony Morton 0-0: Called Strike
0-1: Ball
1-1: Called Strike
1-2: Ball
2-2: SINGLE (Groundball, 56D)
Batting: LHB Mario García 0-0: Ball
1-0: Called Strike
Pickoff Throw by Catcher to First - Error! E2
Tony Morton to second
1-1: Ball
Tony Morton steals 3rd base
2-1: Fly out, F8 (Flyball, 8LM)
Runner from 3rd tags up, SCORES, no throw
Batting: RHB Dave Craig 0-0: Ball
1-0: Foul Ball, location: 2F
1-1: Fly out, F8 (Flyball, 8RS)
Top of the 2nd over - 1 run(s), 1 hit(s), 1 error(s), 0 left on base; Baffin Island 1 - So Cal 0
BOTTOM OF THE 2ND
So Cal Henvy batting - Pitching for Baffin Island Beavers : LHP Marcos Benítez
Batting: RHB Morgan Gibbon 0-0: Ground out 5-3 (Groundball, 5)
Batting: RHB Greg Handrahan 0-0: Ball
1-0: Ground out 1-3 (Groundball, 23)
Batting: RHB Edouard Padovano 0-0: Called Strike
0-1: Ball
1-1: Foul Ball, location: 2F
1-2: Ball
2-2: Strikes out swinging
Bottom of the 2nd over - 0 run(s), 0 hit(s), 0 error(s), 0 left on base; Baffin Island 1 - So Cal 0
TOP OF THE 3RD
Baffin Island Beavers batting - Pitching for So Cal Henvy : RHP Jeffrey King
Batting: LHB Keng-chi Lao 0-0: Ball
1-0: Ball
2-0: Foul Ball, location: 2F
2-1: SINGLE (Line Drive, 4M)
Batting: LHB Mike MacFadden 0-0: Called Strike
0-1: Fly out, F7 (Flyball, 78S)
Batting: LHB Chris Bates 0-0: Ball
1-0: Ball
2-0: Ball
3-0: Called Strike
3-1: Base on Balls
Keng-chi Lao to second
Batting: LHB Jeff Cole 0-0: DOUBLE (Groundball, 3L)
Keng-chi Lao scores
Chris Bates to third
Runner from 3rd tries for Home, throw and OUT!
Jeff Cole to third
Batting: SHB Alonso Ferreira 0-0: Ball
1-0: Fly out, F7 (Popup, 7S)
Top of the 3rd over - 1 run(s), 2 hit(s), 0 error(s), 1 left on base; Baffin Island 2 - So Cal 0
BOTTOM OF THE 3RD
So Cal Henvy batting - Pitching for Baffin Island Beavers : LHP Marcos Benítez
Batting: RHB Gregg Nelson 0-0: Ball
1-0: Foul Ball, location: 2F
1-1: DOUBLE (Groundball, 5L)
Batting: SHB Miguel González 0-0: Foul Ball, location: 2F
0-1: Foul Ball, location: 2F
0-2: Foul Ball, location: 2F
0-2: Ball
1-2: Ball
2-2: SINGLE (Groundball, 34)
Gregg Nelson to third
Runner from 3rd tries for Home, SAFE, throw made home
Batting: RHB Earl Wiggins 0-0: Ball
1-0: Fly out, F9 (Flyball, 89XD)
Batting: LHB John Peterson 0-0: Foul Ball, location: 2F
0-1: Ball
1-1: Called Strike
1-2: Foul Ball, location: 2F
1-2: Foul Ball, location: 2F
1-2: SINGLE (Groundball, 15) (infield hit)
Miguel González to second
Batting: RHB Rubén Calderón 0-0: Ball
1-0: Swinging Strike
1-1: SINGLE (Line Drive, 7LS)
Miguel González to third
John Peterson to second
Runner from 3rd tries for Home, SAFE, no throw or cutoff
Batting: LHB José Antonio Santiago 0-0: SINGLE (Line Drive, 4MD)
John Peterson to third
Rubén Calderón to second
Batting: RHB Morgan Gibbon 0-0: Grounds into double play, 5-4-3 (Groundball, 56)
Bottom of the 3rd over - 2 run(s), 5 hit(s), 0 error(s), 2 left on base; Baffin Island 2 - So Cal 2
TOP OF THE 4TH
Baffin Island Beavers batting - Pitching for So Cal Henvy : RHP Jeffrey King
Batting: LHB Lorenzo Villa 0-0: Ball
1-0: Ball
2-0: DOUBLE (Line Drive, 3L)
Batting: RHB Tony Morton 0-0: Ball
1-0: Called Strike
1-1: Swinging Strike
1-2: Strikes out swinging
Batting: LHB Mario García 0-0: Ball
1-0: Ground out 4-3 (Groundball, 4)
Lorenzo Villa to third
Batting: RHB Dave Craig 0-0: Called Strike
0-1: Fly out, F7 (Flyball, 7M)
Top of the 4th over - 0 run(s), 1 hit(s), 0 error(s), 1 left on base; Baffin Island 2 - So Cal 2
BOTTOM OF THE 4TH
So Cal Henvy batting - Pitching for Baffin Island Beavers : LHP Marcos Benítez
Batting: RHB Greg Handrahan 0-0: Ball
1-0: Ground out 6-3 (Groundball, 6)
Batting: RHB Edouard Padovano 0-0: Swinging Strike
0-1: Called Strike
0-2: Ground out 1-3 (Groundball, 13)
Batting: RHB Gregg Nelson 0-0: Called Strike
0-1: Called Strike
0-2: Ball
1-2: Foul Ball, location: 2F
1-2: Ball
2-2: DOUBLE (Line Drive, 78M)
Batting: SHB Miguel González 0-0: Called Strike
0-1: Foul Ball, location: 2F
0-2: Foul Ball, location: 2F
0-2: Ball
1-2: Ball
2-2: Ball
3-2: Strikes out looking
Bottom of the 4th over - 0 run(s), 1 hit(s), 0 error(s), 1 left on base; Baffin Island 2 - So Cal 2
TOP OF THE 5TH
Baffin Island Beavers batting - Pitching for So Cal Henvy : RHP Jeffrey King
Batting: LHB Keng-chi Lao 0-0: Ground out 4-3 (Groundball, 4)
Batting: LHB Mike MacFadden 0-0: Ball
1-0: Called Strike
1-1: Called Strike
1-2: Ground out U3 (Groundball, 3)
Batting: LHB Chris Bates 0-0: Ball
1-0: Called Strike
1-1: Foul Ball, location: 2F
1-2: Ball
2-2: Foul Ball, location: 2F
2-2: Ground out 4-3 (Groundball, 34)
Top of the 5th over - 0 run(s), 0 hit(s), 0 error(s), 0 left on base; Baffin Island 2 - So Cal 2
BOTTOM OF THE 5TH
So Cal Henvy batting - Pitching for Baffin Island Beavers : LHP Marcos Benítez
Batting: RHB Earl Wiggins 0-0: Called Strike
0-1: Swinging Strike
0-2: Foul Ball, location: 2F
0-2: Ball
1-2: Fly out, F9 (Flyball, 89XD)
Batting: LHB John Peterson 0-0: Ball
1-0: Foul Ball, location: 2F
1-1: Ball
2-1: Fly out, F3 (Popup, 3F)
Batting: RHB Rubén Calderón 0-0: Ball
1-0: Called Strike
1-1: Hit by Pitch
Pinch Runner at 1st Ray Burgess:
Batting: LHB José Antonio Santiago 0-0: Ball
1-0: Foul Ball, location: 2F
1-1: DOUBLE (Line Drive, 9LS)
Ray Burgess to third
Batting: RHB Morgan Gibbon 0-0: Ball
1-0: Called Strike
1-1: Called Strike
1-2: Ball
2-2: Strikes out swinging
Bottom of the 5th over - 0 run(s), 1 hit(s), 0 error(s), 2 left on base; Baffin Island 2 - So Cal 2
TOP OF THE 6TH
Baffin Island Beavers batting - Pitching for So Cal Henvy : RHP Jeffrey King
Batting: LHB Jeff Cole 0-0: Called Strike
0-1: Ball
1-1: Called Strike
1-2: Foul Ball, location: 2F
1-2: Ball
2-2: Foul Ball, location: 2F
2-2: Foul Ball, location: 2F
2-2: Ball
3-2: Ground out 4-3 (Groundball, 34)
Batting: SHB Alonso Ferreira 0-0: Foul Ball, location: 2F
0-1: Ball
1-1: Ball
2-1: Called Strike
2-2: Foul Ball, location: 2F
2-2: Strikes out swinging
Batting: LHB Lorenzo Villa 0-0: SINGLE (Flyball, 8RS)
Batting: RHB Tony Morton 0-0: Ground out 5-3 (Groundball, 5S)
Top of the 6th over - 0 run(s), 1 hit(s), 0 error(s), 1 left on base; Baffin Island 2 - So Cal 2
BOTTOM OF THE 6TH
So Cal Henvy batting - Pitching for Baffin Island Beavers : LHP Marcos Benítez
Batting: RHB Greg Handrahan 0-0: Called Strike
0-1: Called Strike
0-2: Strikes out looking
Batting: RHB Edouard Padovano 0-0: DOUBLE (Line Drive, 6MD) - OUT at third base trying to stretch hit.
Batting: RHB Gregg Nelson 0-0: Ball
1-0: Ball
2-0: SINGLE (Line Drive, 34D)
Batting: SHB Miguel González 0-0: Called Strike
0-1: Ground out 2-3 (Groundball, 23)
Bottom of the 6th over - 0 run(s), 2 hit(s), 0 error(s), 1 left on base; Baffin Island 2 - So Cal 2
TOP OF THE 7TH
Baffin Island Beavers batting - Pitching for So Cal Henvy : RHP Jeffrey King
Batting: LHB Mario García 0-0: Fly out, F7 (Popup, 5D)
Batting: RHB Dave Craig 0-0: Ball
1-0: Foul Ball, location: 2F
1-1: Ground out 5-3 (Groundball, 56)
Batting: LHB Keng-chi Lao 0-0: DOUBLE (Line Drive, 7LS)
Batting: LHB Mike MacFadden 0-0: Ball
1-0: Fly out, F8 (Popup, 8LS)
Top of the 7th over - 0 run(s), 1 hit(s), 0 error(s), 1 left on base; Baffin Island 2 - So Cal 2
BOTTOM OF THE 7TH
So Cal Henvy batting - Pitching for Baffin Island Beavers : LHP Marcos Benítez
Batting: RHB Earl Wiggins 0-0: Ball
1-0: Ball
2-0: SINGLE (Groundball, 5L)
Batting: LHB John Peterson 0-0: Ball
1-0: Grounds into double play, 4-6-3 (Groundball, 34)
Batting: SHB Ray Burgess 0-0: Foul Ball, location: 2F
0-1: Ball
1-1: Swinging Strike
1-2: Ball
2-2: Ball
3-2: Foul Ball, location: 2F
3-2: Foul Ball, location: 2F
3-2: Strikes out swinging
Bottom of the 7th over - 0 run(s), 1 hit(s), 0 error(s), 0 left on base; Baffin Island 2 - So Cal 2
TOP OF THE 8TH
Baffin Island Beavers batting - Pitching for So Cal Henvy : RHP Jeffrey King
Batting: LHB Chris Bates 0-0: SOLO HOME RUN (Flyball, 89XD), Distance : 382 ft
Batting: LHB Jeff Cole 0-0: Called Strike
0-1: Ball
1-1: Foul Ball, location: 2F
1-2: Ball
2-2: SINGLE (Line Drive, 34D)
Batting: SHB Alonso Ferreira 0-0: Ball
1-0: Ball
2-0: Ball
3-0: Called Strike
3-1: Base on Balls
Jeff Cole to second
Batting: LHB Lorenzo Villa 0-0: Ball
1-0: Called Strike
1-1: Ball
2-1: Called Strike
2-2: Grounds into double play, 4-6-3 (Groundball, 34)
Jeff Cole to third
Batting: RHB Tony Morton 0-0: Ball
1-0: Ball
2-0: Foul Ball, location: 2F
2-1: SINGLE (Groundball, 6MD)
Jeff Cole scores
Batting: LHB Mario García 0-0: Foul Ball, location: 2F
0-1: Ball
1-1: Foul Ball, location: 2F
1-2: Foul Ball, location: 2F
1-2: Foul Ball, location: 2F
1-2: Foul Ball, location: 2F
1-2: Hit by Pitch
Tony Morton to second
Pitching: RHP Jerry Good
Batting: RHB Dave Craig 0-0: Called Strike
0-1: Swinging Strike
0-2: Ball
1-2: Foul Ball, location: 2F
1-2: Foul Ball, location: 2F
1-2: Ball
2-2: Ball
3-2: Foul Ball, location: 2F
3-2: Foul Ball, location: 2F
3-2: Foul Ball, location: 2F
3-2: Ground out 6-3 (Groundball, 56)
Top of the 8th over - 2 run(s), 3 hit(s), 0 error(s), 2 left on base; Baffin Island 4 - So Cal 2
BOTTOM OF THE 8TH
So Cal Henvy batting - Pitching for Baffin Island Beavers : LHP Marcos Benítez
Pitching: RHP Bartolo García
Batting: LHB José Antonio Santiago 0-0: Ground out 4-3 (Groundball, 4M)
Batting: RHB Morgan Gibbon 0-0: Ball
1-0: Called Strike
1-1: Ball
2-1: Foul Ball, location: 2F
2-2: Strikes out swinging
Batting: RHB Greg Handrahan 0-0: Ball
1-0: Swinging Strike
1-1: Swinging Strike
1-2: Foul Ball, location: 2F
1-2: Strikes out swinging
Bottom of the 8th over - 0 run(s), 0 hit(s), 0 error(s), 0 left on base; Baffin Island 4 - So Cal 2
TOP OF THE 9TH
Baffin Island Beavers batting - Pitching for So Cal Henvy : RHP Jerry Good
Batting: LHB Keng-chi Lao 0-0: Ball
1-0: Called Strike
1-1: SINGLE (Groundball, 56D)
Pitching: LHP Cecil Bonekamp
Batting: LHB Mike MacFadden 0-0: Ball
1-0: Ball
2-0: Sac Bunt - play at first, batter OUT! U3
Keng-chi Lao to second
Batting: LHB Chris Bates 0-0: Intentional Walk
Pitching: RHP Jim Nelson
Batting: LHB Jeff Cole 0-0: Called Strike
0-1: Ball
1-1: Called Strike
1-2: Strikes out swinging
Batting: SHB Alonso Ferreira 0-0: Ball
1-0: Called Strike
1-1: Swinging Strike
1-2: SINGLE (Line Drive, 6MD)
Keng-chi Lao to third
Chris Bates to second
Runner from 3rd tries for Home, SAFE, no throw or cutoff
Batting: LHB Lorenzo Villa 0-0: Ball
1-0: Foul Ball, location: 2F
1-1: Swinging Strike
1-2: Ball
2-2: Ball
3-2: Foul Ball, location: 2F
3-2: Base on Balls
Chris Bates to third
Alonso Ferreira to second
Batting: RHB Tony Morton 0-0: Ball
1-0: Fly out, F8 (Line Drive, 8RS)
Top of the 9th over - 1 run(s), 2 hit(s), 0 error(s), 3 left on base; Baffin Island 5 - So Cal 2
BOTTOM OF THE 9TH
So Cal Henvy batting - Pitching for Baffin Island Beavers : RHP Bartolo García
Pitching: LHP Edgardo Guzmán
Batting: RHB Edouard Padovano 0-0: Called Strike
0-1: Ball
1-1: Ground out 6-3 (Groundball, 6)
Batting: RHB Gregg Nelson 0-0: Foul Ball, location: 2F
0-1: Swinging Strike
0-2: Foul Ball, location: 2F
0-2: Ball
1-2: Foul Ball, location: 2F
1-2: Foul Ball, location: 2F
1-2: Ball
2-2: Ball
3-2: Fly out, F6 (Popup, 6MD)
Batting: SHB Miguel González 0-0: Ball
1-0: SINGLE (Groundball, 56D)
Batting: RHB Earl Wiggins 0-0: Ball
1-0: Swinging Strike
1-1: Swinging Strike
1-2: Ball
2-2: Fly out, F7 (Line Drive, 78D)
Bottom of the 9th over - 0 run(s), 1 hit(s), 0 error(s), 1 left on base; Baffin Island 5 - So Cal 2
Monday, December 5th, 2016 - OOTP Baseball 17.12 Build 75